 Dungeon Crawl Stone Soup version 0.31.0-11-ge490571c62 (webtiles) character file.

Game seed: 6932251349448550162

137 Ashen the Ruffian (level 5, -3/49 HPs)
             Began as a Troll Shapeshifter on Feb 2, 2024.
             Slain by Grinder (5 damage)
             ... on level 3 of the Dungeon.
             The game lasted 00:02:17 (1426 turns).

Ashen the Ruffian (Troll Shapeshifter)              Turns: 1426, Time: 00:02:19

Health: -3/49      AC:  4    Str: 22    XL:     5   Next: 0%
Magic:  4/4        EV: 10    Int:  6    God:
Gold:   52         SH:  0    Dex: 11    Spells: 4/4 levels left

rFire   . .          .
                       - Unarmed
rCold   . . .        (no shield)
rNeg    . . .        a - +0 animal skin
rPois   .            (helmet currently unavailable)
rElec   .            (cloak currently unavailable)
rCorr   .            (gloves unavailable)
SInv    .            (boots unavailable)
Will    .....        (no amulet)
Stlth   +            (no ring)
HPRegen 1.08/turn    (no ring)
MPRegen 0.09/turn

%: no passive effects
@: beast-form
A: beast (slay +2), large, unfitting armour, claws 3, regeneration 1, shaggy fur
1, tough skin 1
a: Begin Untransformation


You were on level 3 of the Dungeon.
You were a hulking beast.
You visited 1 branch of the dungeon, and saw 3 of its levels.

You collected 52 gold pieces.

Inventory:

Armour
 a - a +0 animal skin (worn)
Jewellery
 f - a ring of wizardry
Talismans
 c - a beast talisman (active)
 d - a flux talisman
 m - a serpent talisman
Scrolls
 i - a scroll of identify {unknown}
 j - 3 scrolls of enchant armour {unknown}
 k - a scroll of fog {unknown}
Potions
 b - a potion of lignification
 e - a potion of haste {unknown}
 g - a potion of curing {unknown}
 h - a potion of brilliance {unknown}
 l - 2 potions of mutation {unknown}


   Skills:
 + Level 1.9 Fighting
 + Level 2.5 Dodging
 + Level 3.9 Unarmed Combat
 + Level 3.6 Shapeshifting


You had 4 spell levels left.
You didn't know any spells.
Your spell library was empty.

Dungeon Overview and Level Annotations

Branches:
Dungeon (3/15)

Altars:

Annotations:
D:3 Grinder


Innate Abilities, Weirdness & Mutations

You are a hulking beast.
Your limbs bulge with bestial killing power. (Slay +2)
You are too large for most types of armour.
You have claws for hands.
Your natural rate of healing is unusually fast.
You are covered in fur. (AC +1)
You have tough skin. (AC +1)


Message History

You climb downwards.
Level annotation: Grinder
There is a stone staircase leading up here.
Grinder blinks!
Grinder gestures at you.
You suddenly lose the ability to move!
Grinder blinks!
You can move again.
You claw Grinder!
Grinder is moderately wounded.
Grinder hits you but does no damage.
You barely miss Grinder.
Grinder is moderately wounded.
Grinder hits you!
You writhe in agony.
You scratch Grinder.
Grinder is moderately wounded.
Grinder hits you.
You writhe in agony.
You scratch Grinder.
Grinder is heavily wounded.
Grinder hits you!
You writhe in agony.
* * * LOW HITPOINT WARNING * * *
You closely miss Grinder.
Grinder is heavily wounded.
Grinder closely misses you.
You closely miss Grinder. Your claw misses Grinder.
Grinder is heavily wounded.
Grinder hits you but does no damage.
You claw Grinder!
Grinder is severely wounded.
Grinder hits you.
* * * LOW HITPOINT WARNING * * *
You writhe in agony.
* * * LOW HITPOINT WARNING * * *
You scratch Grinder.
Grinder is almost dead.
Grinder hits you!
* * * LOW HITPOINT WARNING * * *
You writhe in agony.
You die...
Grinder says, "Hey, I wasn't done torturing you yet!"

... ... #.# #.#
#.# #<# #.#
######.
#.#######.......
#..5h.....#
###########


You could see Grinder.

Vanquished Creatures
  Natasha (thrice) (D:2)
  An adder (D:2)
  A dart slug (D:1)
  7 ball pythons
  2 endoplasms
  A giant cockroach (D:1)
  4 goblins
  4 hobgoblins
  8 jackals
  2 kobolds
  2 quokkas
  5 bats
  3 frilled lizards (D:1)
  7 rats
50 creatures vanquished.

Notes
Turn   | Place    | Note
-------+----------+-------------------------------------------
     0 | D:1      | Ashen the Troll Shapeshifter began the quest for the Orb.
     0 | D:1      | Reached XP level 1. HP: 18/18 MP: 0/0
   124 | D:1      | Reached skill level 1 in Fighting
   224 | D:1      | Reached XP level 2. HP: 27/27 MP: 1/1
   542 | D:1      | Reached XP level 3. HP: 33/33 MP: 2/2
   881 | D:2      | Identified the +11 trident of the Heavens {antimagic, rC+
                  | Str+3 Stlth+}
   906 | D:2      | Noticed Natasha
   915 | D:2      | Killed Natasha
  1031 | D:2      | Reached XP level 4. HP: 26/41 MP: 3/3
  1034 | D:2      | Noticed Natasha
  1042 | D:2      | Killed Natasha
  1224 | D:2      | Noticed Natasha
  1233 | D:2      | Killed Natasha
  1234 | D:2      | Reached XP level 5. HP: 25/49 MP: 4/4
  1389 | D:3      | Noticed Grinder
  1414 | D:3      | Paralysed by Grinder for 4 turns
  1426 | D:3      | HP: 2/49 [Grinder (7)]
  1426 | D:3      | Slain by Grinder

Illustrated notes

Levels and vault maps discovered:
D:1:      matt_arrival_spirals, layout_basic
D:2:      layout_basic, uniq_natasha
D:3:      layout_loops_ring, mainiacjoe_overflow_cross_hatched,
          kennysheep_generic_room_12, uniq_grinder, uniq_ijyb, uniq_robin

Skill      XL: |  1  2 |
---------------+-------+-----
Fighting       | 1 |  1.9
Dodging        | 2 |  2.5
Unarmed Combat | |  3.9
Shapeshifting  | |  3.6

Action                     |  1- 3 |  4- 6 || total
---------------------------+-------+-------++-------
  Melee: Unarmed           |    89 |    46 ||   135
         Punch             |     1 |       ||     1
 Armour: Animal skin       |    27 |     7 ||    34
         Skin              |     6 |    13 ||    19
  Dodge: Dodged            |    51 |    20 ||    71
   Form: Beast             |     1 |     1 ||     2
                           |     1 |       ||     1
         Flux              |     1 |       ||     1
